 Dungeon Crawl Stone Soup version 0.21.1-1-g345015f (webtiles) character file.

77 nicolaieve the Conjurer (level 4, -2/24 HPs)
             Began as a Deep Elf Conjurer on June 7, 2018.
             Killed by nerve-wracking pain
             ... invoked by an orc priest
              (13 damage)
             ... on level 3 of the Dungeon.
             The game lasted 00:07:34 (1356 turns).

nicolaieve the Conjurer (Deep Elf Conjurer)         Turns: 1356, Time: 00:07:35

Health: -2/24      AC:  2    Str:  6    XL:     4   Next: 13%
Magic:  11/11      EV: 13    Int: 20    God:
Gold:   99         SH:  0    Dex: 15    Spells: 7/10 levels left

rFire    . . .     SeeInvis .   i - +0 short sword
rCold    . . .     Gourm    .   (no shield)
rNeg     . . .     Faith    .   a - +0 robe
rPois    .         Spirit   .   (no helmet)
rElec    .         Reflect  .   (no cloak)
rCorr    .         Harm     .   (no gloves)
MR       .....                  (no boots)
Stlth    ++........             (no amulet)
HPRegen  0.08/turn              (no ring)
MPRegen  0.12/turn              (no ring)

@: no status effects
A: no striking features
a: no special abilities


You were on level 3 of the Dungeon.
You were not hungry.

You visited 1 branch of the dungeon, and saw 3 of its levels.

You collected 99 gold pieces.

Inventory:

Hand Weapons
 i - a +0 short sword (weapon)
 r - a +2 trident of freezing
Missiles
 d - 51 stones (quivered)
 n - 12 arrows
Armour
 a - a +0 robe (worn)
 h - a +0 robe
 o - a cursed +0 robe
Jewellery
 q - an uncursed amulet of harm {unknown}
Scrolls
 g - 4 scrolls of identify {unknown}
 j - a scroll of enchant weapon {unknown}
 k - a scroll of teleportation {unknown}
 m - 2 scrolls of remove curse {unknown}
 p - a scroll of amnesia {unknown}
Potions
 e - 2 potions of heal wounds {unknown}
 l - a potion of magic {unknown}
 s - a potion of flight {unknown}
Books
 b - a book of Conjurations

   Spells                             Type                      Level
   a - Magic Dart                     Conjuration                  1
   b - Searing Ray                    Conjuration                  2
   c - Dazzling Spray                 Conjuration/Hexes            3
   d - Fulminant Prism                Conjuration/Hexes            4
   e - Force Lance                    Conjuration/Translocation    4
   f - Iskenderun's Mystic Blast      Conjuration                  4
Comestibles
 c - 3 rations
 f - 3 chunks of flesh


   Skills:
 + Level 0.5 Fighting
 + Level 2.6 Dodging
 + Level 2.6 Stealth
 + Level 3.7 Spellcasting
 + Level 5.6 Conjurations


You had 7 spell levels left.
You knew the following spells:

 Your Spells              Type           Power        Failure   Level  Hunger
a - Magic Dart            Conj           ####         1%          1    None
b - Searing Ray           Conj           ####..       1%          2    ##.....


Dungeon Overview and Level Annotations

Branches:
Dungeon (3/15)

Altars:


Message History

You see here an adder corpse.
Press: ? - help, v - describe, . - travel The floor.
Unknown command.
You butcher the adder corpse.
f - 3 chunks of flesh (gained 2)
Things that are here:
a short sword; an orc corpse
There is a stone staircase leading down here.
You climb downwards.
A bat comes into view.
The orc hits you with a flail!
There is a stone staircase leading up here.
You hit the orc but do no damage. The orc hits you with a flail.
You hit the orc but do no damage. The orc closely misses you.
You can't go down here!
The orc priest invokes the aid of Beogh against you.
Pain shoots through your body!
Ouch! That really hurt!
You die...

#
#.#.#+#+##.#
#....@o....#
####.........
.o........(
##########b.
.


You could see an orc priest, an orc and a bat.

Vanquished Creatures
  3 adders (D:2)
  A worm (D:2)
  2 dart slugs
  3 leopard geckos
  2 orcs (D:2)
  3 bats (D:1)
  3 giant cockroaches
  4 goblins
  4 hobgoblins
  3 frilled lizards
  6 kobolds
  3 rats (D:1)
37 creatures vanquished.

Notes
Turn   | Place    | Note
-------+----------+-------------------------------------------
     0 | D:1      | nicolaieve the Deep Elf Conjurer began the quest for the Orb.
     0 | D:1      | Reached XP level 1. HP: 10/10 MP: 6/6
   128 | D:1      | Reached XP level 2. HP: 15/15 MP: 4/8
   251 | D:1      | Reached skill level 5 in Conjurations
   718 | D:2      | Reached XP level 3. HP: 13/19 MP: 2/9
  1230 | D:2      | Reached XP level 4. HP: 24/24 MP: 2/11
  1338 | D:2      | Learned a level 2 spell: Searing Ray
  1356 | D:3      | Killed from afar by an orc priest

Skill      XL: |  1  2 |
---------------+-------+-----
Conjurations   | 5 |  5.6
Fighting       | |  0.5
Dodging        | |  2.6
Stealth        | |  2.6
Spellcasting   | |  3.7

Action                   |  1- 3 |  4- 6 || total
-------------------------+-------+-------++-------
Melee: Short sword       |     3 |     2 ||     5
 Cast: Magic Dart        |    80 |     5 ||    85
  Eat: Chunk             |     1 |       ||     1
Armor: Robe              |     3 |       ||     3
Dodge: Dodged            |    12 |     5 ||    17
